 Dungeon Crawl Stone Soup version 0.30.1-9-gdf580d7c3d (webtiles) character file.

Game seed: 7354006196514626993

89656 Atelerd the Covert (level 15, -5/94 HPs)
             Began as an Octopode Earth Elementalist on Sept 26, 2023.
             Was an Elder of Sif Muna.
             Slain by Jorgrun
             ... wielding a +0 heavy quarterstaff
              (27 damage)
             ... on level 1 of the Snake Pit on Sept 30, 2023.
             The game lasted 01:28:43 (28697 turns).

Atelerd the Covert (Octopode Earth Elementalist)   Turns: 28697, Time: 01:28:44

Health: -5/94      AC:  7    Str:  8    XL:     15   Next: 98%
Magic:  31/31      EV: 25    Int: 25    God:    Sif Muna [****..]
Gold:   695        SH:  5    Dex: 16    Spells: 3/38 levels left

rFire   + . .        e - +2 long sword (freeze)
rCold   + . .        (no shield)
rNeg    + + .        y - +2 hood of the Assassin {Detect Stab+ Stlth++}
rPois   .            o - amulet of reflection
rElec   +            h - ring "Hefass" {rN+ Will++ EV+5}
rCorr   .            B - ring of protection from fire
SInv    +            l - +6 ring of intelligence
Will    +++..        U - +4 ring of protection
Stlth   +++++++++    Z - ring of see invisible
HPRegen 0.35/turn    Y - ring of positive energy
MPRegen 0.22/turn    E - +5 ring of evasion
                     (no ring)

%: reflection
@: grasped by roots, constricted, studying Summonings, invisible
A: almost no armour, amphibious, 8 rings, camouflage 1, gelatinous body 1,
(nimble swimmer 1), tentacles, clumsy 1, cold resistance 1, electricity
resistance, MP-powered wands
a: Renounce Religion, Channel Magic, Forget Spell, Divine Exegesis


You were on level 1 of the Snake Pit.
You worshipped Sif Muna.
Sif Muna was greatly pleased with you.
You visited 5 branches of the dungeon, and saw 24 of its levels.
You also visited: Ice Cave.

You collected 3044 gold pieces.
You spent 2349 gold pieces at shops.

Inventory:

Hand Weapons
 e - a +2 long sword of freezing (weapon)
 G - a +0 short sword of electrocution
Armour
 y - the +2 hood of the Assassin (worn) {Detect Stab+ Stlth++}
   (You found it on level 6 of the Dungeon)

   Detect:    It allows the wearer to sense nearby creatures.
   Stab+:     It allows the wearer to make particularly effective stabbing
   attacks against helpless or unaware enemies with any weapon.
   Stlth:     It makes you much more stealthy.
 T - a +1 kite shield of cold resistance
Magical Staves
 q - a staff of cold
Jewellery
 h - the ring "Hefass" (left tentacle) {rN+ Will++ EV+5}
   (You found it on level 9 of the Dungeon)

   [ring of evasion]

   EV:        It affects your evasion (+5).
   rN:        It protects you from negative energy.
   Will:      It greatly increases your willpower.
 k - a ring of fire
 l - a +6 ring of intelligence (on tentacle)
 o - an amulet of reflection (around mantle)
 B - a ring of protection from fire (right tentacle)
 E - a +5 ring of evasion (on tentacle)
 H - an amulet of magic regeneration
 U - a +4 ring of protection (on tentacle)
 Y - a ring of positive energy (on tentacle)
 Z - a ring of see invisible (on tentacle)
Wands
 u - a wand of iceblast (9)
 w - a wand of polymorph (7)
 D - a wand of mindburst (11)
 F - a wand of paralysis (16)
 S - a wand of light (3)
Scrolls
 b - 2 scrolls of vulnerability
 c - a scroll of enchant weapon
 f - 6 scrolls of poison
 g - 3 scrolls of teleportation
 i - 3 scrolls of enchant armour
 j - 7 scrolls of fog
 n - 7 scrolls of immolation
 r - a scroll of blinking
 v - 5 scrolls of noise
 x - 3 scrolls of magic mapping
 A - 3 scrolls of silence
 L - 4 scrolls of amnesia
 O - a scroll of torment
 P - 6 scrolls of brand weapon
 Q - a scroll of fear
 R - 2 scrolls of butterflies
 X - 4 scrolls of identify
Potions
 a - a potion of magic
 d - a potion of mutation
 m - 4 potions of haste
 p - 7 potions of degeneration
 s - 3 potions of berserk rage
 t - a potion of ambrosia
 z - 4 potions of brilliance {unknown}
 C - 5 potions of attraction
 I - 3 potions of resistance
 J - 11 potions of curing
 M - 3 potions of might
 N - a potion of flight {unknown}
 V - 2 potions of invisibility
 W - 4 potions of heal wounds


   Skills:
 - Level 6.0 Fighting
 - Level 1.0 Short Blades
 - Level 10.0 Dodging
 + Level 14.4 Stealth
 - Level 12.1 Spellcasting
 + Level 6.0 Conjurations
 + Level 4.2 Summonings
 - Level 7.0 Transmutations
 + Level 9.9 Ice Magic
 * Level 7.7 Air Magic
 + Level 11.5 Earth Magic
 - Level 2.0 Poison Magic
 + Level 7.0 Invocations


You had 3 spell levels left.
You knew the following spells:

 Your Spells              Type           Power      Damage    Failure   Level
a - Sandblast             Erth           100%       2d20      1%          1
b - Mephitic Cloud        Conj/Pois/Air  41%        N/A       1%          3
i - Iron Shot             Conj/Erth      28%        9d6       16%         6
l - Lee's Rapid Deconstr  Erth           32%        3d16*     1%          5
p - Petrify               Tmut/Erth      57%        N/A       1%          4
s - Statue Form           Tmut/Erth      38%        N/A       14%         6
t - Alistair's Intoxicat  Tmut/Pois      24%        N/A       17%         5
u - Freezing Cloud        Conj/Ice/Air   26%        6-21      4%          5

Your spell library contained the following spells:

 Spells                   Type           Power      Damage    Failure   Level
 Freeze                   Ice            100%       1d10      1%          1
 Kiss of Death            Conj/Necr      100%       2d13      1%          1
 Magic Dart               Conj           100%       1d8       1%          1
 Summon Small Mammal      Summ           100%       N/A       1%          1
 Call Imp                 Summ           72%        N/A       1%          2
 Passwall                 Tmut/Erth      47%        N/A       1%          2
 Poisonous Vapours        Pois/Air       78%        N/A       1%          2
 Searing Ray              Conj           90%        2d7       1%          2
 Wereblood                Tmut           50%        N/A       1%          2
 Call Canine Familiar     Summ           36%        N/A       1%          3
 Frozen Ramparts          Ice            100%       1d16      1%          3
 Hailstorm                Conj/Ice       53%        3d12      1%          3
 Stone Arrow              Conj/Erth      100%       3d13      1%          3
 Dazzling Flash           Conj/Hex       60%        N/A       3%          3
 Apportation              Tloc           30%        N/A       4%          1
 Necrotise                Necr           60%        1d7       4%          1
 Summon Guardian Golem    Hex/Summ       25%        N/A       4%          3
 Confusing Touch          Hex            15%        N/A       12%         3
 Inner Flame              Hex/Fire       15%        N/A       12%         3
 Leda's Liquefaction      Hex/Erth       22%        N/A       3%          4
 Blade Hands              Tmut           25%        N/A       6%          5
 Arcjolt                  Conj/Air       24%        1d34      7%          5
 Irradiate                Conj/Tmut      23%        3d19      8%          5
 Iskenderun's Battlesphe  Conj           45%        2d10      10%         5
 Fulminant Prism          Conj/Hex       15%        3d10      12%         4
 Metabolic Englaciation   Hex/Ice        20%        N/A       14%         5
 Yara's Violent Unravell  Hex/Tmut       16%        3d8       26%         5
 Dispel Undead            Necr           15%        3d10      36%         4
 Ozocubu's Refrigeration  Ice            30%        4d14      50%         7
 Simulacrum               Ice/Necr       20%        N/A       61%         6
 Dragon Form              Tmut           25%        N/A       88%         7
 Lehudib's Crystal Spear  Conj/Erth      28%        10d7      100%        8
 Chain Lightning          Conj/Air       24%        3d32      100%        9
 Polar Vortex             Ice            30%        N/A       100%        9


Dungeon Overview and Level Annotations

Branches:
Dungeon (15/15)            Temple (1/1) D:6            Lair (5/5) D:9
  Swamp (0/4) Lair:3        Snake (1/4) Lair:3        Slime (0/5) Lair:5
    Orc (2/2) D:10            Elf (0/3) Orc:2         IceCv (visited)
 Vaults: D:13-14     Depths: D:15

Altars:
Ashenzari
Cheibriados
Dithmenos
Elyvilon
Fedhas
Gozag
Hepliaklqana
Kikubaaqudgha
Makhleb
Nemelex Xobeh
Okawaru
Qazlal
Ru
Sif Muna
Uskayaw
Vehumet
Wu Jian
Xom
Yredelemnul
Zin
The Shining One
Jiyva

Shops:
D:1 *![*!   D:5 !   D:12 *   Orc:2 *?:?   Snake:1 =::

Portals:
Pandemonium: Orc:2

Annotations:
D:3 exclusion: downstairs
D:5 exclusion: downstairs
Temple 2 transporters
Lair:3 exclusion: downstairs
Lair:4 exclusion: downstairs
Snake:1 Jorgrun


Innate Abilities, Weirdness & Mutations

You cannot wear most types of armour.
You are amphibious.
You can wear up to eight rings at the same time.
Your skin changes colour to match your surroundings (Stealth+).
Your rubbery body absorbs attacks. (AC +1, EV +1)
((You are camouflaged when in or above water. (Stealth+)))
You have tentacles for arms and can constrict up to eight enemies at once.
You are clumsy. (Dex -2)
Your flesh is cold resistant. (rC+)
You are resistant to electric shocks. (rElec)
You expend magic power (3 MP) to strengthen your wands.


Message History

Found a stone staircase leading down.
Found a stone staircase leading down.
C - 5 potions of attraction (gained 2)
You see here an amulet of magic regeneration.
X - 4 scrolls of identify (gained 1)
Your pack is full.
You see here a +5 ring of evasion.
You can't carry that many items.
You drop the +0 great sword "Igem Xiggu" {heavy, Fly Str+5}.
You drop a curare-tipped dart.
E - a +5 ring of evasion
E - a +5 ring of evasion (on tentacle)
You see here an amulet of magic regeneration.
You sense a monster nearby.
n - 7 scrolls of immolation (gained 1) Jorgrun Earthshaker comes into view.
He is wielding a +0 heavy quarterstaff.
Your +2 long sword of freezing glows with a cold blue light!
e - a +2 long sword of freezing (weapon)
Found 12 gold pieces.
The helpless Jorgrun fails to defend himself.
You open Jorgrun like a pillowcase!!! You freeze Jorgrun! You grab Jorgrun.
You squeeze Jorgrun.
Jorgrun is severely wounded.
You constrict Jorgrun, but do no damage.
Jorgrun casts a spell at you. The iron shot hits you!!!
Ouch! That really hurt!
Jorgrun points at you and mumbles some strange words.
Roots burst forth from the earth!
The grasping roots grab you! The grasping roots constrict you!
* * * LOW HITPOINT WARNING * * *
Okay, then.
Press: ? - help, v - describe, . - travel
Here: Jorgrun, wielding a +0 heavy quarterstaff and wearing a +0 robe (severely wounded, constricted by you)
The floor, spattered with blood.
You fade into invisibility!
You constrict Jorgrun.
Jorgrun hits you with a +0 heavy quarterstaff!!
You die...

.#..## #....# ###'###
.#...## #...## ##.....#
.#....####### #.#...#.#
##......## #.#...# #
###......## ####
#.#.8.#{ # #.......#
##..## #.#...# #
##......####....#
#.#...#.# #
##......##....g##
##.†...# #
{#......#$...@..#
##.#+## ##.#...#.......#
#...# #..............#
##.## ##.#...........#
#.##### #.#...........#
#.)...# #.##.........##
##..... #.
##............#####..###
## ##.................##
# ##....### #########


You could see Jorgrun (unable to see you).

Vanquished Creatures
  Nikola (Snake:1)
  Rupert (Lair:4)
  A frost giant (IceCv)
  Aizul (Snake:1)
  An ettin (Orc:2)
  Josephine (D:11)
  2 slime creatures (D:12)
  9 hydras
  A catoblepas (Lair:5)
  A vault guard (D:14)
  3 demonspawn (Orc:2)
  4 boulder beetles
  3 centaur warriors (D:14)
  A deep troll shaman (Lair:5)
  A naga warrior (Snake:1)
  A two-headed ogre (D:6)
  19 death yaks
  7 orc high priests (Orc:2)
  A fire crab (shapeshifter) (D:15)
  A naga sharpshooter (Snake:1)
  A fire crab (Lair:4)
  4 orc knights (Orc:2)
  An oklob plant (Lair:5)
  A deep elf pyromancer (D:9)
  3 manticores
  5 orc sorcerers
  2 ugly things
  A cyclops (D:12)
  8 elephants
  Joseph (D:9)
  An ice statue (IceCv)
  A rust devil (Orc:2)
  9 black mambas
  An orange demon (Orc:2)
  2 gargoyles (D:12)
  8 cane toads
  A torpor snail (Lair:5)
  18 komodo dragons
  A kobold demonologist (D:7)
  11 rime drakes
  3 ice devils
  A meliai (shapeshifter) (D:14)
  11 polar bears
  3 trolls
  A tyrant leech (Lair:3)
  6 blink frogs
  A dream sheep (Lair:4)
  A culicivora (shapeshifter) (D:14)
  5 shadows
  6 wraiths
  2 wyverns
  A hog (shapeshifter) (D:14)
  4 basilisks
  31 yaks
  2 steam dragons
  11 vampire mosquitoes
  2 humans (D:10)
  2 neqoxecs (Orc:2)
  2 wargs (D:9)
  4 swamp worms (Lair:3)
  2 acid dragons
  17 water moccasins
  4 ice beasts
  30 orc warriors
  2 sky beasts
  3 black bears
  6 ogres
  22 wolves
  A phantom (D:4)
  4 centaurs
  2 kobold brigands
  10 bullfrogs
  5 scorpions
  12 wights
  4 killer bees (D:7)
  3 howler monkeys (D:12)
  2 electric eels (Lair:4)
  6 hounds
  3 jellies
  2 gnoll boudas
  27 orc priests
  A sleepcap (D:8)
  3 iguanas
  21 orc wizards
  4 hell rats (D:7)
  14 gnolls
  6 adders
  18 river rats (D:7)
  2 shadow imps
  3 white imps
  A worm (D:2)
  2 dart slugs (D:1)
  53 orcs
  5 ball pythons
  6 endoplasms
  2 giant cockroaches
  13 goblins
  9 hobgoblins
  3 jackals (D:3)
  18 kobolds
  2 quokkas (D:3)
  7 bats
  3 frilled lizards
  5 rats
607 creatures vanquished.

Vanquished Creatures (others)
  An endoplasm (D:4)
1 creature vanquished.

Grand Total: 608 creatures vanquished

Notes
Turn   | Place    | Note
-------+----------+-------------------------------------------
     0 | D:1      | Atelerd the Octopode Earth Elementalist began the quest for
                  | the Orb.
     0 | D:1      | Reached XP level 1. HP: 11/11 MP: 3/3
   138 | D:1      | Found Reaf's Distillery.
   151 | D:1      | Reached XP level 2. HP: 15/17 MP: 0/5
   349 | D:1      | Found Wyog's Assorted Antiques.
   369 | D:1      | Reached XP level 3. HP: 17/21 MP: 1/6
   604 | D:1      | Found Robibohu's General Store.
   650 | D:1      | Found Searchecy's Antique Armour Shoppe.
   698 | D:1      | Found Fuynoar's Distillery.
  1056 | D:2      | Reached XP level 4. HP: 27/27 MP: 8/8
  1856 | D:2      | Reached XP level 5. HP: 27/31 MP: 9/9
  2212 | D:1      | Bought a potion of curing for 39 gold pieces
  2212 | D:1      | Bought a potion of lignification for 39 gold pieces
  2498 | D:3      | Found a faded altar of an unknown god.
  2616 | D:3      | Reached skill level 1 in Short Blades
  3024 | D:3      | Found a hide-covered altar of Uskayaw.
  3172 | D:3      | Learned a level 4 spell: Petrify
  3176 | D:3      | Learned a level 3 spell: Mephitic Cloud
  3232 | D:4      | Noticed a phantom
  3337 | D:1      | Bought a potion of heal wounds for 65 gold pieces
  3671 | D:4      | Reached skill level 3 in Stealth
  3781 | D:4      | Killed a phantom
  3782 | D:4      | Reached skill level 1 in Conjurations
  3782 | D:4      | Reached skill level 1 in Air Magic
  3782 | D:4      | Reached skill level 1 in Poison Magic
  3782 | D:4      | Reached XP level 6. HP: 29/36 MP: 2/10
  4006 | D:4      | Found a radiant altar of Vehumet.
  4290 | D:5      | Entered Level 5 of the Dungeon
  4361 | D:5      | Found Xofiun's Distillery.
  4383 | D:5      | Noticed an ice beast
  4403 | D:5      | Killed an ice beast
  4404 | D:5      | Reached XP level 7. HP: 36/41 MP: 1/12
  4408 | D:5      | Bought a potion of degeneration for 10 gold pieces
  4408 | D:5      | Bought a potion of mutation for 80 gold pieces
  4408 | D:5      | Gained mutation: One of your tentacles bears a spike.
                  | [potion of mutation]
  4409 | D:5      | Lost mutation: One of your tentacles bears a spike. [potion
                  | of mutation]
  4409 | D:5      | Gained mutation: You are frail. (-10% HP) [potion of
                  | mutation]
  4410 | D:5      | Lost mutation: You are frail. (-10% HP) [potion of
                  | mutation]
  4410 | D:5      | Gained mutation: You are resistant to electric shocks.
                  | (rElec) [potion of mutation]
  4410 | D:5      | Gained mutation: You are clumsy. (Dex -2) [potion of
                  | mutation]
  4410 | D:5      | Gained mutation: Your flesh is cold resistant. (rC+)
                  | [potion of mutation]
  4410 | D:5      | Gained mutation: You expend magic power (3 MP) to
                  | strengthen your wands. [potion of mutation]
  4533 | D:5      | Reached skill level 5 in Earth Magic
  4814 | D:5      | Reached skill level 4 in Stealth
  5055 | D:6      | Found a large runed translucent door.
  5055 | D:6      | Found a large runed translucent door.
  5058 | D:6      | Noticed a shadow
  5083 | D:6      | Found a large runed translucent door.
  5083 | D:6      | Found a large runed translucent door.
  5257 | D:6      | Reached skill level 5 in Stealth
  5257 | D:6      | Reached XP level 8. HP: 46/46 MP: 12/14
  5335 | D:6      | Found the +2 hood of the Assassin {Detect Stab+ Stlth++}
  5475 | D:6      | Reached skill level 1 in Fighting
  5475 | D:6      | Reached skill level 6 in Stealth
  5735 | D:6      | Found a staircase to the Ecumenical Temple.
  5887 | Temple   | Entered the Ecumenical Temple
  5887 | Temple   | Found a transporter.
  5887 | Temple   | Found a transporter.
  5889 | Temple   | Found a transporter.
  5889 | Temple   | Found a transporter.
  5913 | Temple   | Became a worshipper of Sif Muna the Loreminder
  6117 | D:6      | Noticed a two-headed ogre
  6282 | D:6      | Reached XP level 9. HP: 55/55 MP: 12/16
  6520 | D:7      | Noticed a kobold demonologist
  6532 | D:7      | Killed a kobold demonologist
  6533 | D:7      | Reached skill level 7 in Stealth
  6533 | D:7      | Reached skill level 5 in Spellcasting
  6649 | D:7      | Found a glowing silver altar of Zin.
  6708 | D:7      | Reached skill level 5 in Transmutations
  7222 | D:7      | Reached * piety under Sif Muna
  7247 | D:7      | Found the +2 ratskin cloak {*Rats rPois rN+ Str-1 Int-1
                  | Dex+1}
  7568 | D:6      | Reached skill level 8 in Stealth
  7575 | D:6      | Identified the +0 great sword "Igem Xiggu" {heavy, Fly
                  | Str+5}
  7757 | D:1      | Bought a scroll labelled TOWION WEPOFIFF for 24 gold pieces
  7757 | D:1      | Bought 2 scrolls of identify for 96 gold pieces
  7869 | D:6      | Killed a two-headed ogre
  7870 | D:6      | Reached skill level 9 in Stealth
  7870 | D:6      | Reached XP level 10. HP: 63/63 MP: 13/17
  8217 | D:8      | Reached skill level 5 in Air Magic
  8286 | D:8      | Learned a level 6 spell: Statue Form
  8292 | D:8      | Learned a level 5 spell: Lee's Rapid Deconstruction
  8336 | D:8      | Reached skill level 1 in Invocations
  8700 | D:8      | Reached ** piety under Sif Muna
  9499 | D:9      | Identified the ring "Hefass" {rN+ Will++ EV+5}
  9893 | D:9      | Found a staircase to the Lair.
 10033 | D:9      | Noticed Joseph
 10048 | D:9      | Killed Joseph
 10494 | D:9      | Noticed a deep elf pyromancer
 10507 | D:10     | Entered Level 10 of the Dungeon
 10751 | D:10     | Reached skill level 10 in Stealth
 10884 | D:10     | Reached skill level 5 in Dodging
 10907 | D:10     | Found a staircase to the Orcish Mines.
 11068 | D:10     | Reached XP level 11. HP: 70/70 MP: 19/19
 11382 | D:10     | Found an iron altar of Okawaru.
 11414 | D:10     | Reached *** piety under Sif Muna
 11520 | D:10     | Found a broken altar of Ashenzari.
 11791 | D:11     | Noticed Josephine
 11902 | D:11     | Noticed a green ugly thing
 11912 | D:11     | Killed a green ugly thing
 11921 | D:11     | Reached skill level 5 in Fighting
 12263 | D:11     | Killed Josephine
 12264 | D:11     | Reached skill level 11 in Stealth
 12607 | D:12     | Noticed a cyclops
 12621 | D:12     | Killed a cyclops
 13016 | D:12     | You fall into a shaft and drop 3 floors!
 13016 | D:15     | Entered Level 15 of the Dungeon
 13036 | D:15     | Noticed a fire crab
 13053 | D:15     | Killed a fire crab
 13193 | D:15     | Noticed a boulder beetle
 13220 | D:15     | Killed a boulder beetle
 13413 | D:14     | Found an ornate altar of the Wu Jian Council.
 13436 | D:14     | Noticed a four-headed hydra
 13449 | D:14     | Killed a four-headed hydra
 13449 | D:14     | Noticed a centaur warrior
 13452 | D:14     | Noticed a centaur warrior
 13453 | D:14     | Noticed a manticore
 13453 | D:14     | HP: 3/92 [centaur warrior/arrow (7)]
 13453 | D:14     | Noticed a swamp dragon
 13456 | D:14     | Noticed a vault guard
 13478 | D:14     | Noticed a brown ugly thing
 13486 | D:14     | Noticed a centaur warrior
 13530 | D:14     | Killed a centaur warrior
 13531 | D:14     | Reached XP level 12. HP: 27/77 MP: 22/22
 13608 | D:14     | Killed a centaur warrior
 13609 | D:14     | Reached skill level 12 in Stealth
 13836 | D:14     | Noticed a vault guard
 13847 | D:14     | Killed a vault guard
 13916 | D:14     | Noticed a centaur warrior
 13929 | D:14     | Killed a centaur warrior
 14985 | D:12     | Reached skill level 10 in Dodging
 15008 | D:12     | Reached skill level 10 in Earth Magic
 15093 | D:12     | Found Ozikkoerch's Assorted Antiques.
 15099 | D:12     | Bought a scroll labelled QIAHOT QUTUN for 33 gold pieces
 15219 | D:11     | Noticed a boulder beetle
 15386 | Lair:1   | Entered Level 1 of the Lair of Beasts
 15401 | Lair:1   | Learned a level 5 spell: Freezing Cloud
 15579 | Lair:1   | Reached skill level 1 in Ice Magic
 15762 | Lair:1   | Reached XP level 13. HP: 81/81 MP: 25/25
 15947 | Lair:1   | Reached **** piety under Sif Muna
 16453 | Lair:2   | Found a frozen archway.
 16647 | IceCv    | Entered an ice cave
 16659 | IceCv    | Reached skill level 5 in Conjurations
 17129 | IceCv    | Noticed a frost giant
 17644 | IceCv    | Reached skill level 5 in Invocations
 17754 | IceCv    | Reached skill level 5 in Ice Magic
 17755 | IceCv    | Reached skill level 10 in Spellcasting
 18113 | IceCv    | Killed a frost giant
 19052 | Lair:2   | Reached XP level 14. HP: 78/88 MP: 8/28
 19749 | Lair:3   | Found a staircase to the Snake Pit.
 20393 | Lair:3   | Found a staircase to the Swamp.
 21195 | Lair:4   | Reached ***** piety under Sif Muna
 21198 | Lair:4   | Received a gift from Sif Muna
 21199 | Lair:4   | Got Rotwurih's Atlas of Inconstant Incineration {god gift}
 21206 | Lair:4   | Learned a level 5 spell: Alistair's Intoxication
 21550 | Lair:4   | Noticed Rupert
 21683 | D:5      | Bought 2 potions of heal wounds for 100 gold pieces
 21683 | D:5      | Bought a potion of curing for 30 gold pieces
 21683 | D:5      | Bought a potion of curing for 30 gold pieces
 21795 | D:1      | Bought a potion of curing for 39 gold pieces
 21795 | D:1      | Bought a potion of curing for 39 gold pieces
 22064 | Lair:4   | Paralysed by Rupert for 2 turns
 22078 | Lair:4   | Killed Rupert
 22901 | Lair:5   | Entered Level 5 of the Lair of Beasts
 23142 | Lair:5   | Found a sparkling altar of Nemelex Xobeh.
 23170 | Lair:5   | Reached XP level 15. HP: 39/94 MP: 2/30
 23171 | Lair:5   | Reached skill level 13 in Stealth
 23981 | Lair:5   | Found a viscous altar of Jiyva.
 23981 | Lair:5   | Found a staircase to the Slime Pits.
 24375 | Orc:1    | Entered Level 1 of the Orcish Mines
 24999 | Orc:2    | Entered Level 2 of the Orcish Mines
 25221 | Orc:2    | Found a staircase to the Elven Halls.
 25371 | Orc:2    | Found Kiwkamyd's General Store.
 25372 | Orc:2    | Found Heotanat's Magic Scroll Emporium.
 25470 | Orc:2    | Received a gift from Sif Muna
 25471 | Orc:2    | Got Sif Muna's Collected Works on Injury {god gift}
 25484 | Orc:2    | Learned a level 6 spell: Iron Shot
 25798 | Orc:2    | Bought a scroll of acquirement for 520 gold pieces
 25798 | Orc:2    | Bought a scroll of identify for 20 gold pieces
 25798 | Orc:2    | Bought a scroll of identify for 20 gold pieces
 25798 | Orc:2    | Acquired 836 gold pieces
 25802 | Orc:2    | Bought a manual of Summonings for 960 gold pieces
 26047 | Orc:2    | Reached skill level 1 in Summonings
 26693 | Orc:2    | Reached skill level 14 in Stealth
 27069 | Orc:2    | Found Ekhli Rimes's Antique Weapon Boutique.
 27069 | Orc:2    | Found Ciku Barch's Book Shop.
 27070 | Orc:2    | Found a one-way gate leading to the halls of Pandemonium.
 27421 | Orc:2    | Found Yfrabys's Magic Scroll Shoppe.
 27424 | Orc:2    | Bought a scroll of fear for 40 gold pieces
 27811 | Snake:1  | Entered Level 1 of the Snake Pit
 27906 | Snake:1  | Noticed Nikola
 27917 | Snake:1  | Killed Nikola
 28154 | Snake:1  | Noticed Aizul
 28163 | Snake:1  | Killed Aizul
 28572 | Snake:1  | Found Luadurat's Jewellery Shoppe.
 28573 | Snake:1  | Found Bicrimn's Book Shop.
 28573 | Snake:1  | Found Zyudeargh's Book Shop.
 28584 | Snake:1  | Bought a ring of see invisible for 165 gold pieces
 28688 | Snake:1  | Noticed Jorgrun
 28697 | Snake:1  | Slain by Jorgrun

Illustrated notes

Levels and vault maps discovered:
D:1:      dpeg_arrival_chambers_temple_mockup, layout_rooms, serial_shops, shop,
          nicolae_shop_peninsula, shop, nicolae_shop_stone,
          nicolae_shop_real_fake_doors, minmay_split_cup_small
D:2:      minmay_wonky_spiral, layout_basic
D:3:      layout_loops_ring, nicolae_uskayaw_suspiria,
          shapermc_ecumenical_altar_ellora
D:4:      layout_basic, fiery_altar_vehumet
D:5:      layout_gridville, serial_shops, shop
D:6:      layout_rooms, minmay_temple_entry_fiery, minmay_hollow_rounded_squares
D:7:      wander_guarded_unrand_ratskin, layout_basic,
          mainiacjoe_overflow_alcove_2, amcnicky_mini_pool_small
D:8:      layout_rooms
D:9:      layout_roguey, erik_lair_orcish_takeover, uniq_joseph
D:10:     layout_stronghold, okawaru_humans,
          mainiacjoe_overflow_concentric_impassable, david_orc_4
D:11:     layout_rooms, uniq_josephine
D:12:     layout_rooms, serial_shops, nicolae_shop_overgrown_old_shop
D:13:     layout_roguey, nrook_campfire, hangedman_parallel_progression
D:14:     layout_loops_ring, lightli_vaults_fourway_checkpoint,
          pdpol_wu_jian_five_deadly_venoms, chequers_serial_rivers_micro_a,
          minivault_11
D:15:     hangedman_depths_entry_try_elsewhere_first, layout_long_grid,
          grunt_decor_mini_mirrors, uniq_louise
Temple:   hellmonk_temple_divided_pantheon
Lair:1:   layout_regular_city, dreamdust_mushroom_princess,
          infiniplex_staircase_pool_2, serial_bayou_shore_b,
          serial_bayou_shore_b
Lair:2:   layout_regular_city, portal_ice_cave_demonic_guard,
          beast_lair_carwin_6
Lair:3:   layout_cave_pods, palyth_hydra_swamp_entry, dummy_snake_entry
Lair:4:   nzn_winding_woodlands_cross [nzn_winding_woodlands_5x15_pool,
          nzn_winding_woodlands_5x15_split_checker,
          nzn_winding_woodlands_5x15_cabin,
          nzn_winding_woodlands_5x15_pathside_ponds,
          nzn_winding_woodlands_15x15_killbox], layout_regular_city,
          serial_bayou_lagoon_a, serial_bayou_lake_a, lemuel_fruit_tree,
          uniq_rupert
Lair:5:   grunt_lair_end_beastmaster, layout_cave_shapes,
          dpeg_slime_entry_enclosed, lemuel_oklob_altar, serial_bayou_shore_a,
          grunt_megastairs_5
Snake:1:  layout_cave_pods, serial_shops, nicolae_shop_stone, minmay_shop_grove,
          grunt_megastairs_1, uniq_aizul, uniq_nikola, uniq_jorgrun
Orc:1:    layout_caves, nicolae_orc_lava_room
Orc:2:    pf_orc_diabolical, layout_caves, serial_shops, nicolae_shop_rolled_up

Skill      XL: |  1  2  3  4  5  6  7  8  9 10 11 12 13 14 15 |
---------------+----------------------------------------------+-----
Transmutations | 2 3 4 6 7 |  7.0
Earth Magic    | 4 6 7 8 10 11 | 11.5
Spellcasting   | 3 4 5 7 8 10 11 12 | 12.1
Short Blades   | 1 |  1.0
Stealth        | 3 5 6 9 10 11 12 14 | 14.4
Conjurations   | 1 2 5 6 |  6.0
Air Magic      | 1 2 4 5 6 7 |  7.7
Poison Magic   | 1 2 |  2.0
Fighting       | 2 3 4 5 6 |  6.0
Invocations    | 3 5 6 7 |  7.0
Dodging        | 5 8 10 | 10.0
Ice Magic      | 1 6 8 9 |  9.9
Summonings     | 4 |  4.2

Action                     |  1- 3 |  4- 6 |  7- 9 | 10-12 | 13-15 || total
---------------------------+-------+-------+-------+-------+-------++-------
  Melee: Dagger            |    35 |    52 |    85 |    10 |       ||   182
         Constrict         |    10 |    13 |    19 |    46 |    42 ||   130
         Unarmed           |     2 |       |       |       |       ||     2
         Tentacles         |     9 |    11 |    26 |    84 |   121 ||   251
         Punch             |       |       |     1 |     3 |     6 ||    10
         Short sword       |       |       |       |    83 |   140 ||   223
         Long sword        |       |       |       |   192 |   221 ||   413
         Staff             |       |       |       |       |     1 ||     1
   Cast: Sandblast         |    31 |    50 |    72 |   119 |   164 ||   436
         Petrify           |       |     1 |    16 |   131 |   141 ||   289
         Mephitic Cloud    |       |       |    12 |    17 |    22 ||    51
         Lee's Rapid Decon |       |       |       |    21 |    35 ||    56
         Statue Form       |       |       |       |     7 |    32 ||    39
         Freezing Cloud    |       |       |       |       |   142 ||   142
         Iron Shot         |       |       |       |       |     6 ||     6
 Invoke: Channel Magic     |       |       |       |     1 |     6 ||     7
Ability: End Transformatio |       |       |       |       |     2 ||     2
  Evoke: Wand              |       |       |       |    11 |    13 ||    24
    Use: Potion            |       |     4 |     3 |     7 |     2 ||    16
         Scroll            |       |       |    13 |     6 |    15 ||    34
   Stab: Sleeping          |     2 |     7 |    18 |    14 |    10 ||    51
         Petrified         |       |     4 |    19 |   135 |   115 ||   273
         Confused          |       |       |     2 |     2 |     8 ||    12
         Petrifying        |       |       |     1 |     8 |     5 ||    14
         Paralysed         |       |       |       |     2 |       ||     2
         Invisible         |       |       |       |       |     2 ||     2
 Armour: Skin              |     4 |    15 |    10 |    80 |   199 ||   308
  Dodge: Dodged            |    30 |    38 |    43 |   346 |   611 ||  1068
  Block: Other             |       |       |       |       |    11 ||    11
         Reflection        |       |       |       |       |     1 ||     1
